 Dungeon Crawl Stone Soup version 0.29.1-12-g30fa7ad0bf (webtiles) character file.

Game seed: 4762414819075918395

51 ChrisAssaf the Sneak (level 3, -2/32 HPs)
             Began as a Naga Brigand on Dec 30, 2022.
             Slain by a gnoll
             ... wielding a +0 club
              (4 damage)
             ... on level 3 of the Dungeon.
             The game lasted 00:03:46 (729 turns).

ChrisAssaf the Sneak (Naga Brigand)                  Turns: 729, Time: 00:03:47

Health: -2/32      AC:  4    Str: 13    XL:     3   Next: 83%
Magic:  3/3        EV:  8    Int: 13    God:
Gold:   35         SH:  0    Dex: 12    Spells: 3/3 levels left

rFire   + . .      SeeInvis +   a - +2 dagger
rCold   . . .      Faith    .   (no shield)
rNeg    . . .      Spirit   .   g - +0 ring mail {rF+}
rPois   +          Reflect  .   (no helmet)
rElec   .          Harm     .   c - +0 cloak
rCorr   .          Rampage  .   (no gloves)
Will    .....                   (no barding)
Stlth   +++.......              (no amulet)
HPRegen 0.10/turn               (no ring)
MPRegen 0.08/turn               (no ring)

@: attractive, very slow
A: AC +1, large, see invisible, deformed body, poison resistance, slowness 2,
spit poison 1, naga tail 1
a: Spit Poison


You were on level 3 of the Dungeon.
You visited 1 branch of the dungeon, and saw 3 of its levels.

You collected 35 gold pieces.

Inventory:

Hand Weapons
 a - a +2 dagger (weapon)
Missiles
 e - 3 curare-tipped darts
 f - 3 boomerangs (quivered)
Armour
 b - a +0 robe
 c - a +0 cloak (worn)
 g - a +0 ring mail of fire resistance (worn)
Scrolls
 i - a scroll of amnesia
Potions
 h - a potion of heal wounds


   Skills:
 * Level 2.1 Fighting
 * Level 2.2 Short Blades
 * Level 1.9 Throwing
 * Level 0.3 Armour
 * Level 1.0 Dodging
 * Level 7.1 Stealth
 * Level 0.6 Spellcasting


You had 3 spell levels left.
You didn't know any spells.
Your spell library was empty.

Dungeon Overview and Level Annotations

Branches:
Dungeon (3/15)

Altars:


Innate Abilities, Weirdness & Mutations

Your serpentine skin is tough. (AC +1)
You have supernaturally acute eyesight. (SInv)
Armour fits poorly on your strangely shaped body.
Your system is resistant to poisons. (rPois)
You cover ground very slowly.
You can spit poison.
You have a snake-like lower body.


Message History

h - 2 glowing yellow potions (gained 1)
Okay, then. 2 gnolls come into view.
A gnoll comes into view. It is wielding a +0 club.
The gnoll shouts!
A gnoll comes into view. It is wielding a +0 whip.
A goblin comes into view. It is wielding a +0 dagger.
Found a club.
The gnoll shouts!
As you read the scroll labelled TUEVORPHU SOUCSOD, it crumbles to dust.
It is a scroll of amnesia.
You feel forgetful for a moment.
It was a potion of attraction.
You feel attractive to monsters.
The gnoll is attracted toward you. x2; The goblin is attracted toward you.
Aiming: Spit Poison (2% risk of failure)
Press: ? - help, Shift-Dir - straight line, f - gnoll
Aim: a gnoll, wielding a +0 club (65% to hit)
The splash of poison hits the gnoll.
The gnoll is lightly wounded.
The gnoll hits you with a +0 club. The gnoll hits you but does no damage.
The gnoll is attracted toward you. The goblin is attracted toward you.
It was a potion of heal wounds.
You feel much better.
The gnoll hits you from afar with a +0 spear.
The gnoll is attracted toward you. The goblin is attracted toward you.
You have got your breath back.
The gnoll is attracted toward you. The gnoll attacks as you move away!
The gnoll hits you but does no damage. The gnoll hits you with a +0 flail.
The gnoll hits you with a +0 club.
The gnoll hits you from afar with a +0 spear.
The gnoll attacks as you move away! The gnoll barely misses you. x2
The gnoll closely misses you. The gnoll barely misses you.
The gnoll hits you from afar with a +0 spear.
The gnoll attacks as you move away! The gnoll hits you with a +0 club.
* * * LOW HITPOINT WARNING * * *
The gnoll hits you with a +0 flail!
* * * LOW HITPOINT WARNING * * *
The gnoll attacks as you move away! The gnoll hits you with a +0 club.
You die...

#####.#.#. ###.....#.#.
....... ##########.......#.#.
........##.......##.......#.#.
........++....................
........##..................#.
........##..........###.....#.
#.......#####.......# #....##.
#..........gg@......# #....+.†
#..........gg....######....#..
######....................#..
.§.§.............†...†.#......
.........##............#......
..........#............#.....#
....###...#............#.....#
.... +...'............#.....#
).. #...####.........#...(.#


You could see 4 gnolls.

Vanquished Creatures
  Terence (D:2)
  An adder (D:3)
  An orc (D:2)
  2 bats
  A giant cockroach (D:1)
  2 hobgoblins
  2 kobolds (D:1)
  A quokka (D:3)
  3 ball pythons
  A rat (D:1)
15 creatures vanquished.

Notes
Turn   | Place    | Note
-------+----------+-------------------------------------------
     0 | D:1      | ChrisAssaf the Naga Brigand began the quest for the Orb.
     0 | D:1      | Reached XP level 1. HP: 19/19 MP: 1/1
    53 | D:1      | Reached skill level 6 in Stealth
   131 | D:1      | Reached XP level 2. HP: 24/26 MP: 2/2
   303 | D:2      | Noticed Terence
   318 | D:2      | Killed Terence
   319 | D:2      | Reached skill level 7 in Stealth
   319 | D:2      | Reached XP level 3. HP: 3/32 MP: 3/3
   655 | D:3      | Reached skill level 1 in Dodging
   729 | D:3      | Slain by a gnoll

Illustrated notes

Levels and vault maps discovered:
D:1:      giann_bridges, layout_rooms, serial_shops, shop
D:2:      layout_basic, uniq_terence, uniq_natasha
D:3:      minmay_diamond_boxcup, layout_basic, st_stairs_5

Skill      XL: |  1  2  3 |
---------------+----------+-----
Stealth        | 6 7 |  7.1
Dodging        | 1 |  1.0
Fighting       | |  2.1
Short Blades   | |  2.2
Throwing       | |  1.9
Armour         | |  0.3
Spellcasting   | |  0.6

Action                   || total
-------------------------++-------
Melee: Dagger            ||    17
Throw: Dart              ||     1
       Boomerang         ||     2
 Abil: Spit Poison       ||    12
  Use: Scroll            ||     2
       Potion            ||     2
 Stab: Sleeping          ||     3
Armor: Robe              ||     5
       Ring mail         ||     3
Dodge: Dodged            ||    20
